TOP OF THE 1ST |
Philadelphia Athletics batting - Pitching for Austin River Sharks : RHP António Rijo
|
Pitching: RHP António Rijo
|
|
Batting: LHB John Peterson
|
0-0: Ball 1-0: Ball 2-0: Foul Ball, location: 2F 2-1: Called Strike 2-2: Strikes out swinging
|
Batting: LHB Brian Boone
|
0-0: Called Strike 0-1: Ball 1-1: Ground out U3 (Groundball, 3)
|
Batting: RHB Tony Morton
|
0-0: Fly out, F7 (Flyball, 7)
|
Top of the 1st over - 0 runs, 0 hits, 0 errors, 0 left on base; Philadelphia 0 - Austin 0 |
BOTTOM OF THE 1ST |
Austin River Sharks batting - Pitching for Philadelphia Athletics : RHP Butch Ramey
|
Pitching: RHP Butch Ramey
|
|
Batting: LHB José Liñares
|
0-0: Ball 1-0: Called Strike 1-1: SOLO HOME RUN (Flyball, 9LD), Distance : 375 ft
|
Batting: RHB Richard Coker
|
0-0: Ball 1-0: Called Strike 1-1: Ball 2-1: Foul Ball, location: 2F 2-2: DOUBLE (Line Drive, 8LXD)
|
Batting: LHB Fred Abrams
|
0-0: Ball 1-0: Foul Ball, location: 2F 1-1: Ball 2-1: Ball 3-1: Foul Ball, location: 2F 3-2: Foul Ball, location: 2F 3-2: Fly out, F6 (Line Drive, 6M) Lined into DP, U6 (Line Drive, 6M)
|
Batting: RHB Edward Young
|
0-0: Called Strike 0-1: Called Strike 0-2: Strikes out looking
|
Bottom of the 1st over - 1 run, 2 hits, 0 errors, 0 left on base; Philadelphia 0 - Austin 1 |
TOP OF THE 2ND |
Philadelphia Athletics batting - Pitching for Austin River Sharks : RHP António Rijo
|
Batting: RHB Alfredo Rivera
|
0-0: Ball 1-0: Foul Ball, location: 2F 1-1: Called Strike 1-2: Ball 2-2: Strikes out swinging
|
Batting: LHB Carter Sweet
|
0-0: Called Strike 0-1: Foul Ball, location: 2F 0-2: Strikes out swinging
|
Batting: RHB Valentín Borges
|
0-0: Ball 1-0: Foul Ball, location: 2F 1-1: Ball 2-1: Ball 3-1: Base on Balls
|
Batting: SHB Héctor Padilla
|
0-0: Swinging Strike 0-1: Fly out, F3 (Line Drive, 3S)
|
Top of the 2nd over - 0 runs, 0 hits, 0 errors, 1 left on base; Philadelphia 0 - Austin 1 |
BOTTOM OF THE 2ND |
Austin River Sharks batting - Pitching for Philadelphia Athletics : RHP Butch Ramey
|
Batting: LHB Enrico Vargas
|
0-0: Called Strike 0-1: Ball 1-1: Ball 2-1: Ball 3-1: Called Strike 3-2: Base on Balls
|
Batting: RHB Tony Cruz
|
0-0: Called Strike 0-1: Called Strike 0-2: Strikes out looking
|
Batting: LHB Dave Watt
|
0-0: Called Strike 0-1: Called Strike 0-2: Foul Ball, location: 2F 0-2: Strikes out looking
|
Batting: RHB Paul Swift
|
0-0: Foul Ball, location: 2F 0-1: SINGLE (Line Drive, 89S) Enrico Vargas to second
|
Batting: RHB Andy Aiton
|
0-0: Foul Ball, location: 2F 0-1: Ground out 5-3 (Groundball, 56S)
|
Bottom of the 2nd over - 0 runs, 1 hit, 0 errors, 2 left on base; Philadelphia 0 - Austin 1 |
TOP OF THE 3RD |
Philadelphia Athletics batting - Pitching for Austin River Sharks : RHP António Rijo
|
Batting: RHB Miguel Encarnación
|
0-0: Called Strike 0-1: Swinging Strike 0-2: Fly out, F7 (Line Drive, 7S)
|
Batting: RHB Felipe Rivera
|
0-0: Called Strike 0-1: Ball 1-1: Ball 2-1: Foul Ball, location: 2F 2-2: Foul Ball, location: 2F 2-2: Fly out, F8 (Flyball, 8RM)
|
Batting: LHB John Peterson
|
0-0: Swinging Strike 0-1: Ball 1-1: SINGLE (Groundball, 56D)
|
Batting: LHB Brian Boone
|
0-0: Called Strike 0-1: Foul Ball, location: 2F 0-2: Ball 1-2: SINGLE (Line Drive, 78S) John Peterson to second John Peterson to third
|
Batting: RHB Tony Morton
|
0-0: Called Strike 0-1: Ground out 4-3 (Groundball, 4)
|
Top of the 3rd over - 0 runs, 2 hits, 0 errors, 2 left on base; Philadelphia 0 - Austin 1 |
BOTTOM OF THE 3RD |
Austin River Sharks batting - Pitching for Philadelphia Athletics : RHP Butch Ramey
|
Batting: LHB José Liñares
|
0-0: Ball 1-0: Foul Ball, location: 2F 1-1: Ground out 6-3 (Groundball, 6)
|
Batting: RHB Richard Coker
|
0-0: Swinging Strike 0-1: Swinging Strike 0-2: Strikes out swinging
|
Batting: LHB Fred Abrams
|
0-0: Ball 1-0: Foul Ball, location: 2F 1-1: Swinging Strike 1-2: SINGLE (Groundball, 4MD)
|
Batting: RHB Edward Young
|
0-0: Ball 1-0: Ball 2-0: Called Strike 2-1: Fly out, F5 (Popup, 5F)
|
Bottom of the 3rd over - 0 runs, 1 hit, 0 errors, 1 left on base; Philadelphia 0 - Austin 1 |
TOP OF THE 4TH |
Philadelphia Athletics batting - Pitching for Austin River Sharks : RHP António Rijo
|
Batting: RHB Alfredo Rivera
|
0-0: Ball 1-0: Ball 2-0: Ball 3-0: Called Strike 3-1: Called Strike 3-2: Base on Balls
|
Batting: LHB Carter Sweet
|
0-0: Ball Wild Pitch! Alfredo Rivera to second 1-0: Foul Ball, location: 2F 1-1: Ball 2-1: 2-RUN HOME RUN (Flyball, 9LD), Distance : 351 ft
|
Batting: RHB Valentín Borges
|
0-0: Called Strike 0-1: Ball 1-1: Called Strike 1-2: Ball 2-2: Foul Ball, location: 2F 2-2: Strikes out swinging
|
Batting: SHB Héctor Padilla
|
0-0: Ball 1-0: Called Strike 1-1: Swinging Strike 1-2: Foul Ball, location: 2F 1-2: Ball 2-2: Ball 3-2: Strikes out swinging, 2-3 out at first.
|
Batting: RHB Miguel Encarnación
|
0-0: Ball 1-0: SINGLE (Groundball, 56D)
|
Batting: RHB Felipe Rivera
|
0-0: Called Strike 0-1: Ball 1-1: Ball 2-1: Foul Ball, location: 2F 2-2: Fly out, F9 (Flyball, 9S)
|
Top of the 4th over - 2 runs, 2 hits, 0 errors, 1 left on base; Philadelphia 2 - Austin 1 |
BOTTOM OF THE 4TH |
Austin River Sharks batting - Pitching for Philadelphia Athletics : RHP Butch Ramey
|
Batting: LHB Enrico Vargas
|
0-0: Swinging Strike 0-1: Ball 1-1: Ball 2-1: Foul Ball, location: 2F 2-2: Ball 3-2: Foul Ball, location: 2F 3-2: Base on Balls
|
Batting: RHB Tony Cruz
|
0-0: Called Strike 0-1: Called Strike 0-2: Ball 1-2: Ball 2-2: Ball 3-2: Strikes out swinging
|
Batting: LHB Dave Watt
|
0-0: Ball 1-0: Called Strike Enrico Vargas steals 2nd base 1-1: Called Strike 1-2: TRIPLE (Flyball, 9LD) Enrico Vargas scores
|
Batting: RHB Paul Swift
|
0-0: Ball 1-0: Ball 2-0: Foul Ball, location: 2F 2-1: Foul Ball, location: 2F 2-2: Ball 3-2: SINGLE (Groundball, 6MD) Dave Watt scores
|
Batting: RHB Andy Aiton
|
0-0: Fly out, F9 (Flyball, 9LSF)
|
Batting: LHB José Liñares
|
0-0: Ball 1-0: Called Strike 1-1: Fielders Choice at 2nd, 6-4 (Groundball, 6)
|
Bottom of the 4th over - 2 runs, 2 hits, 0 errors, 1 left on base; Philadelphia 2 - Austin 3 |
TOP OF THE 5TH |
Philadelphia Athletics batting - Pitching for Austin River Sharks : RHP António Rijo
|
Batting: LHB John Peterson
|
0-0: Ball 1-0: Called Strike 1-1: Foul Ball, location: 2F 1-2: Strikes out swinging
|
Batting: LHB Brian Boone
|
0-0: Fly out, F9 (Flyball, 9S)
|
Batting: RHB Tony Morton
|
0-0: Ball 1-0: Swinging Strike 1-1: Ball 2-1: Ground out 4-3 (Groundball, 4)
|
Top of the 5th over - 0 runs, 0 hits, 0 errors, 0 left on base; Philadelphia 2 - Austin 3 |
BOTTOM OF THE 5TH |
Austin River Sharks batting - Pitching for Philadelphia Athletics : RHP Butch Ramey
|
Batting: RHB Richard Coker
|
0-0: Ball 1-0: Called Strike 1-1: Ball 2-1: Ground out U3 (Groundball, 34S)
|
Batting: LHB Fred Abrams
|
0-0: Ball 1-0: Foul Ball, location: 2F 1-1: Ball 2-1: Ball 3-1: Foul Ball, location: 2F 3-2: Fly out, F7 (Flyball, 7LS)
|
Batting: RHB Edward Young
|
0-0: Ball 1-0: Called Strike 1-1: Swinging Strike 1-2: Fly out, F8 (Flyball, 8RM)
|
Bottom of the 5th over - 0 runs, 0 hits, 0 errors, 0 left on base; Philadelphia 2 - Austin 3 |
TOP OF THE 6TH |
Philadelphia Athletics batting - Pitching for Austin River Sharks : RHP António Rijo
|
Batting: RHB Alfredo Rivera
|
0-0: Called Strike 0-1: Called Strike 0-2: Strikes out swinging
|
Batting: LHB Carter Sweet
|
0-0: Foul Ball, location: 2F 0-1: Swinging Strike 0-2: Fly out, F9 (Line Drive, 9)
|
Batting: RHB Valentín Borges
|
0-0: Ground out 1-3 (Groundball, 13S)
|
Top of the 6th over - 0 runs, 0 hits, 0 errors, 0 left on base; Philadelphia 2 - Austin 3 |
BOTTOM OF THE 6TH |
Austin River Sharks batting - Pitching for Philadelphia Athletics : RHP Butch Ramey
|
Pitching: RHP Ricardo Pérez
|
|
Batting: LHB Enrico Vargas
|
0-0: Swinging Strike 0-1: Ball 1-1: Foul Ball, location: 2F 1-2: Ground out 3-1 (Groundball, 34)
|
Batting: RHB Tony Cruz
|
0-0: Foul Ball, location: 2F 0-1: Foul Ball, location: 2F 0-2: Ball 1-2: Ball 2-2: Ball 3-2: Ground out 4-3 (Groundball, 34)
|
Batting: LHB Dave Watt
|
0-0: Called Strike 0-1: Called Strike 0-2: Strikes out swinging
|
Bottom of the 6th over - 0 runs, 0 hits, 0 errors, 0 left on base; Philadelphia 2 - Austin 3 |
TOP OF THE 7TH |
Philadelphia Athletics batting - Pitching for Austin River Sharks : RHP António Rijo
|
Batting: SHB Héctor Padilla
|
0-0: Called Strike 0-1: Foul Ball, location: 2F 0-2: Ball 1-2: Ball 2-2: Strikes out looking
|
Batting: RHB Miguel Encarnación
|
0-0: Ball 1-0: Foul Ball, location: 2F 1-1: Ball 2-1: Swinging Strike 2-2: Foul Ball, location: 2F 2-2: Ball 3-2: DOUBLE (Line Drive, 7LM)
|
Pitching: RHP Junior Mateo
|
|
Batting: RHB Felipe Rivera
|
0-0: Ball Wild Pitch! Miguel Encarnación to third 1-0: Ball 2-0: Ball 3-0: Base on Balls
|
Pitching: LHP Manuel Gil
|
|
Batting: LHB John Peterson
|
0-0: Ball 1-0: Called Strike 1-1: Ball 2-1: Ball 3-1: Swinging Strike 3-2: Foul Ball, location: 2F 3-2: Foul Ball, location: 2F 3-2: Base on Balls Felipe Rivera to second
|
Pinch Hitting: RHB Anastasio Villa
|
0-0: Ball 1-0: Called Strike 1-1: Called Strike 1-2: Foul Ball, location: 2F 1-2: Fly out, F7 (Line Drive, 7) Runner from 3rd tags up, SCORES, throw made
|
Pitching: RHP Luis Trujillo
|
|
Batting: RHB Tony Morton
|
0-0: Ball 1-0: Foul Ball, location: 2F 1-1: Foul Ball, location: 2F 1-2: Ball 2-2: Fly out, F8 (Flyball, 8LD)
|
Top of the 7th over - 1 run, 1 hit, 0 errors, 2 left on base; Philadelphia 3 - Austin 3 |
BOTTOM OF THE 7TH |
Austin River Sharks batting - Pitching for Philadelphia Athletics : RHP Ricardo Pérez
|
Now at 3B: Anastasio Villa
|
|
Batting: RHB Paul Swift
|
0-0: SINGLE (Line Drive, 6M)
|
Batting: RHB Andy Aiton
|
0-0: Called Strike 0-1: Ball 1-1: Swinging Strike 1-2: Ball 2-2: Ball 3-2: Ground out 5-3 (Groundball, 5S) Paul Swift to second
|
Batting: LHB José Liñares
|
0-0: Intentional Walk
|
Batting: RHB Richard Coker
|
0-0: Ball 1-0: Foul Ball, location: 2F 1-1: SINGLE (Groundball, 4MD) Paul Swift to third José Liñares to second Runner from 3rd tries for Home, SAFE, throw made home
|
Pitching: LHP Rob Greene
|
|
Batting: LHB Fred Abrams
|
0-0: Fly out, F7 (Flyball, 7)
|
Pitching: RHP António López
|
|
Batting: RHB Edward Young
|
0-0: Ball 1-0: Fly out, F3 (Popup, 34)
|
Bottom of the 7th over - 1 run, 2 hits, 0 errors, 2 left on base; Philadelphia 3 - Austin 4 |
TOP OF THE 8TH |
Philadelphia Athletics batting - Pitching for Austin River Sharks : RHP Luis Trujillo
|
Batting: RHB Alfredo Rivera
|
0-0: Fly out, F4 (Line Drive, 4M)
|
Batting: LHB Carter Sweet
|
0-0: Ball 1-0: Ball 2-0: Ball 3-0: Called Strike 3-1: Swinging Strike 3-2: Fly out, F8 (Line Drive, 8RM)
|
Batting: RHB Valentín Borges
|
0-0: Ball 1-0: Ball 2-0: Called Strike 2-1: Swinging Strike 2-2: Foul Ball, location: 2F 2-2: SINGLE (Flyball, 89S)
|
Pitching: RHP Jorge Delgado
|
|
Batting: SHB Héctor Padilla
|
0-0: Ball 1-0: Called Strike 1-1: Ball 2-1: Called Strike 2-2: Strikes out looking
|
Top of the 8th over - 0 runs, 1 hit, 0 errors, 1 left on base; Philadelphia 3 - Austin 4 |
BOTTOM OF THE 8TH |
Austin River Sharks batting - Pitching for Philadelphia Athletics : RHP António López
|
Batting: LHB Enrico Vargas
|
0-0: Swinging Strike 0-1: Ball 1-1: Ball 2-1: Ball 3-1: Base on Balls
|
Batting: RHB Tony Cruz
|
0-0: Swinging Strike 0-1: Called Strike 0-2: SINGLE (Groundball, 56) (infield hit) Enrico Vargas to second
|
Batting: LHB Dave Watt
|
0-0: Ball 1-0: Foul Ball, location: 2F 1-1: Ball 2-1: Sac Bunt - play at first, batter OUT! 5-4 Enrico Vargas to third Tony Cruz to second
|
Batting: RHB Paul Swift
|
0-0: Foul Ball, location: 2F 0-1: Ball 1-1: Called Strike 1-2: Ground out 4-3 (Groundball, 4)
|
Batting: RHB Andy Aiton
|
0-0: Fly out, F8 (Flyball, 89XD)
|
Bottom of the 8th over - 0 runs, 1 hit, 0 errors, 2 left on base; Philadelphia 3 - Austin 4 |
TOP OF THE 9TH |
Philadelphia Athletics batting - Pitching for Austin River Sharks : RHP Jorge Delgado
|
Pitching: RHP Paco Gutiérrez
|
|
Batting: RHB Miguel Encarnación
|
0-0: SINGLE (Line Drive, 8LS)
|
Batting: RHB Felipe Rivera
|
0-0: Ball 1-0: Sac Bunt - play at first, batter OUT! 1-4 Miguel Encarnación to second
|
Batting: LHB John Peterson
|
0-0: Ball 1-0: Ball 2-0: Ball 3-0: Called Strike 3-1: Swinging Strike 3-2: Base on Balls
|
Batting: RHB Anastasio Villa
|
0-0: Swinging Strike 0-1: Called Strike 0-2: Strikes out looking
|
Batting: RHB Tony Morton
|
0-0: Ball 1-0: Ball 2-0: Swinging Strike 2-1: Called Strike 2-2: SINGLE (Flyball, 7LS) Miguel Encarnación to third John Peterson to second Runner from 3rd tries for Home, SAFE, throw made at trailing runner, OUT at third!
|
Top of the 9th over - 1 run, 2 hits, 0 errors, 1 left on base; Philadelphia 4 - Austin 4 |
BOTTOM OF THE 9TH |
Austin River Sharks batting - Pitching for Philadelphia Athletics : RHP António López
|
Pitching: RHP Paco Ruíz
|
|
Batting: LHB José Liñares
|
0-0: Ball 1-0: Ball 2-0: Called Strike 2-1: Ball 3-1: Called Strike 3-2: Base on Balls
|
Batting: RHB Richard Coker
|
0-0: Called Strike 0-1: Foul Ball, location: 2F 0-2: Ball 1-2: Strikes out swinging
|
Batting: LHB Fred Abrams
|
0-0: Swinging Strike 0-1: Swinging Strike 0-2: Strikes out looking
|
Batting: RHB Edward Young
|
0-0: Called Strike José Liñares is caught stealing 2nd base
|
Bottom of the 9th over - 0 runs, 0 hits, 0 errors, 0 left on base; Philadelphia 4 - Austin 4 |
TOP OF THE 10TH |
Philadelphia Athletics batting - Pitching for Austin River Sharks : RHP Paco Gutiérrez
|
Batting: RHB Alfredo Rivera
|
0-0: Called Strike 0-1: Fly out, F8 (Flyball, 8LS)
|
Batting: LHB Carter Sweet
|
0-0: Fly out, F8 (Flyball, 8LD)
|
Batting: RHB Valentín Borges
|
0-0: Ball 1-0: Ball 2-0: Swinging Strike 2-1: Called Strike 2-2: Strikes out swinging
|
Top of the 10th over - 0 runs, 0 hits, 0 errors, 0 left on base; Philadelphia 4 - Austin 4 |
BOTTOM OF THE 10TH |
Austin River Sharks batting - Pitching for Philadelphia Athletics : RHP Paco Ruíz
|
Batting: RHB Edward Young
|
0-0: Ball 1-0: Foul Ball, location: 2F 1-1: Foul Ball, location: 2F 1-2: Foul Ball, location: 2F 1-2: Foul Ball, location: 2F 1-2: Ball 2-2: Ball 3-2: SINGLE (Groundball, 6MD)
|
Pinch Runner at 1st Tom Rowe:
|
|
Batting: LHB Enrico Vargas
|
0-0: Called Strike 0-1: Ball 1-1: SINGLE (Line Drive, 56D) Tom Rowe to second
|
Batting: RHB Tony Cruz
|
0-0: Ball 1-0: Ball 2-0: Called Strike 2-1: Foul Ball, location: 2F 2-2: Foul Ball, location: 2F 2-2: Ball 3-2: Fly out, F9 (Flyball, 9D) Runner from 2nd tags up, SAFE at 3rd, no throw
|
Batting: LHB Dave Watt
|
0-0: Ball Wild Pitch! Tom Rowe scores
|
Saturday, April 7th, 2018 - OOTP Baseball 18.8 Build 76
|
|